 Dungeon Crawl Stone Soup version 0.28-a0-895-g6e5f11bd55 (webtiles) character file.

Game seed: 15339032644271423228

35 vineage the Skirmisher (level 3, -1/24 HPs)
             Began as a Gargoyle Fighter on Nov 22, 2021.
             Slain by a gnoll (10 damage)
             ... on level 2 of the Dungeon.
             The game lasted 00:01:26 (834 turns).

vineage the Skirmisher (Gargoyle Fighter)            Turns: 834, Time: 00:01:27

Health: -1/24      AC: 10    Str: 19    XL:     3   Next: 33%
Magic:  3/3        EV:  9    Int:  8    God:
Gold:   14         SH:  4    Dex: 10    Spells: 2/2 levels left

rFire   . . .      SeeInvis .   a - +0 flail
rCold   . . .      Faith    .   c - +0 buckler
rNeg    + . .      Spirit   .   b - +0 scale mail
rPois   ∞          Reflect  .   (no helmet)
rElec   +          Harm     .   (no cloak)
rCorr   .          Rampage  .   (no gloves)
Will    .....                   (no boots)
Stlth   ..........              e - amulet of regeneration
HPRegen 1.08/turn               (no ring)
MPRegen 0.08/turn               (no ring)

@: no status effects
A: sickness immunity, AC +3, negative energy resistance 1, electricity
resistance, torment resistance 1, petrification resistance
a: no special abilities


You were on level 2 of the Dungeon.
You visited 1 branch of the dungeon, and saw 2 of its levels.

You collected 14 gold pieces.

Inventory:

Hand Weapons
 a - a +0 flail (weapon)
Armour
 b - a +0 scale mail (worn)
 c - a +0 buckler (worn)
Jewellery
 e - an amulet of regeneration (around neck)
Scrolls
 f - a scroll of identify {unknown}
Potions
 d - a potion of might
 g - a potion of haste {unknown}
 h - a potion of attraction {unknown}
 i - a potion of heal wounds {unknown}


   Skills:
 * Level 3.9 Fighting
 + Level 2.4 Maces & Flails
 + Level 3.6 Armour
 + Level 3.6 Shields


You had 2 spell levels left.
You didn't know any spells.
Your spell library was empty.

Dungeon Overview and Level Annotations

Branches:
Dungeon (2/15)

Altars:


Innate Abilities, Weirdness & Mutations

You are immune to sickness and miasma.
Your stone body is resilient. (AC +3)
You are immune to poison.
You resist negative energy. (rN+)
You are resistant to electric shocks. (rElec)
You are resistant to unholy torment.
You are immune to petrification.


Message History

Unknown command.
You struggle against the net.
The gnoll hits you but does no damage. The gnoll hits you with a +0 spear.
The gnoll hits you with a +0 club.
You struggle against the net.
The gnoll hits you from afar with a +2 halberd of flaming.
The gnoll burns you. The gnoll hits you with a +0 spear.
The gnoll hits you but does no damage.
You struggle against the net.
The gnoll barely misses you. The gnoll completely misses you.
The gnoll hits you with a +0 club.
You shred the net and break free! The gnoll closely misses you.
The gnoll misses you. The gnoll hits you with a +0 club.
* * * LOW HITPOINT WARNING * * *
The gnoll hits you but does no damage.
A bat comes into view.
The gnoll hits you from afar with a +0 spear.
* * * LOW HITPOINT WARNING * * *
There is an open door here.
You see here 18 stones.
You see here a worm corpse.
A gnoll is nearby!
The gnoll barely misses you.
You hit the gnoll.
The gnoll is heavily wounded.
The gnoll hits you from afar with a +0 spear.
The gnoll hits you with a +2 halberd of flaming!
The gnoll burns you. You block the gnoll's attack.
You hit the gnoll but do no damage.
The gnoll is heavily wounded.
You block the gnoll's attack. The gnoll hits you but does no damage.
You hit the gnoll.
The gnoll is heavily wounded.
The gnoll hits you but does no damage.
The gnoll hits you from afar with a +0 spear.
The gnoll hits you with a +2 halberd of flaming.
The gnoll burns you.
You barely miss the gnoll.
The gnoll is heavily wounded.
The gnoll hits you from afar with a +0 spear.
The gnoll hits you with a +2 halberd of flaming!
You die...

########<#####...#...#.#.
#.########.#.......###.#.#.
................<.....>#.#.
#.#####.##.###.###.#.###.#.
####.##.#.#.....#.....#.
#.....>.#.#############.
#[##.####.............#.
#.##.####.###########.#.
#...ggg@................
#.##.####.......#####.##
#.##.# #.......# #.# ####.#
#######.#####.# #g#
#.......# ##†#######
######### #.g......#
#........# #........#


You could see 3 gnolls.

Vanquished Creatures
  2 worms (D:2)
  A dart slug (D:1)
  A bat (D:1)
  2 endoplasms (D:1)
  A giant cockroach (D:1)
  4 goblins (D:1)
  3 hobgoblins
  A quokka (D:1)
  3 ball pythons (D:1)
  A frilled lizard (D:1)
  4 kobolds (D:1)
  A rat (D:2)
24 creatures vanquished.

Notes
Turn   | Place    | Note
-------+----------+-------------------------------------------
     0 | D:1      | vineage the Gargoyle Fighter began the quest for the Orb.
     0 | D:1      | Reached XP level 1. HP: 14/14 MP: 1/1
   234 | D:1      | Reached XP level 2. HP: 19/19 MP: 2/2
   526 | D:1      | Reached XP level 3. HP: 24/24 MP: 3/3
   834 | D:2      | Slain by a gnoll

Illustrated notes

Levels and vault maps discovered:
D:1:      dpeg_arrival_tiny_g, layout_loops_ring
D:2:      layout_basic, kennysheep_path_1

Action                   || total
-------------------------++-------
Melee: Flail             ||    70
Armor: Scale mail        ||    36
Dodge: Dodged            ||    29
Block: Buckler           ||    16

Table legend: (Time is in decaauts)
 A = Elapsed time spent in this place.
 B = Non-inter-level travel time spent in this place.
 C = Inter-level travel time spent in this place.
 D = Time resting spent in this place.
 E = Time spent auto-exploring this place.
 F = Levels seen in this place.
 G = Mean time per level.
                   A        B        C        D        E       F      G
               +--------+--------+--------+--------+--------+-----+--------+
         Total |    854 |    824 |     30 |      0 |    618 |   2 |  427.0 |
       Dungeon |    854 |    824 |     30 |      0 |    618 |   2 |  427.0 |
               +--------+--------+--------+--------+--------+-----+--------+

Top non-repeatable levels by time:
     D:1: 652 daAuts
     D:2: 201 daAuts
